 Dungeon Crawl Stone Soup version 0.31.0-11-ge490571c62 (webtiles) character file.

Game seed: 3098368776902323405

1383 ces the Covered (level 8, -2/61 HPs)
             Began as a Gnoll Wanderer on Feb 4, 2024.
             Asphyxiated
             ... on level 7 of the Dungeon.
             The game lasted 00:10:00 (4603 turns).

ces the Covered (Gnoll Wanderer)                    Turns: 4603, Time: 00:10:00

Health: -2/61      AC:  6    Str: 19    XL:     8   Next: 67%
Magic:  14/14      EV: 13    Int: 16    God:
Gold:   154        SH:  0    Dex: 14    Spells: 12/16 levels left

rFire   . . .        a - +2 hand axe
rCold   . . .        (no shield)
rNeg    . . .        t - +4 robe of Augmentation {Str+4 Int+4 Dex+4}
rPois   .            (no helmet)
rElec   .            (no cloak)
rCorr   .            (no gloves)
SInv    .            (no boots)
Will    +....        i - amulet of regeneration
Stlth   ++           l - ring of willpower
HPRegen 1.10/turn    (no ring)
MPRegen 0.14/turn

%: no passive effects
@: lethally poisoned (-2 -> -31), slowed, very slow
A: fangs 1, strong nose, distributed training
a: no special abilities


You were on level 7 of the Dungeon.
You visited 1 branch of the dungeon, and saw 6 of its levels.

You collected 154 gold pieces.

Inventory:

Hand Weapons
 a - a +2 hand axe (weapon)
 c - a +0 dagger
Missiles
 b - 10 boomerangs (quivered)
Armour
 e - a +0 leather armour
 n - +0 ice dragon scales
 t - the +4 robe of Augmentation (worn) {Str+4 Int+4 Dex+4}
   (You found it on level 7 of the Dungeon)

   Str+4:     It affects your strength (+4).
   Int+4:     It affects your intelligence (+4).
   Dex+4:     It affects your dexterity (+4).
Jewellery
 i - an amulet of regeneration (around neck)
 l - a ring of willpower (left hand)
 r - a +6 ring of intelligence
Wands
 u - a wand of polymorph (5)
Scrolls
 f - 2 scrolls of poison {unknown}
 g - 2 scrolls of identify {unknown}
 h - 2 scrolls of immolation {unknown}
 k - a scroll of blinking {unknown}
 m - a scroll of brand weapon {unknown}
 o - 3 scrolls of noise {unknown}
 p - 2 scrolls of butterflies {unknown}
 s - 3 scrolls of teleportation {unknown}
Potions
 d - 2 potions of attraction
 j - a potion of haste


   Skills:
 + Level 4.5 Fighting
 + Level 3.6 Short Blades
 + Level 3.6 Long Blades
 + Level 5.9 Axes
 + Level 3.6 Maces & Flails
 + Level 3.6 Polearms
 + Level 3.6 Staves
 + Level 3.6 Ranged Weapons
 + Level 4.5 Throwing
 + Level 7.5 Armour
 + Level 3.6 Dodging
 + Level 3.6 Stealth
 + Level 3.6 Shields
 + Level 3.6 Unarmed Combat
 + Level 4.6 Spellcasting
 + Level 3.0 Conjurations
 + Level 3.0 Hexes
 + Level 3.0 Summonings
 + Level 3.0 Necromancy
 + Level 3.0 Translocations
 + Level 3.0 Fire Magic
 + Level 3.0 Ice Magic
 + Level 3.0 Air Magic
 + Level 3.0 Earth Magic
 + Level 4.9 Alchemy
 + Level 4.0 Invocations
 + Level 3.6 Evocations
 + Level 3.2 Shapeshifting


You had 12 spell levels left.
You knew the following spells:

 Your Spells              Type           Power      Damage    Failure   Level
a - Sting                 Conj/Alch      64%        1d7       3%          1
b - Mephitic Cloud        Conj/Alch/Air  15%        N/A       11%         3

Your spell library contained the following spells:

 Spells                   Type           Power      Damage    Failure   Level
 Magic Dart               Conj           52%        1d5       4%          1
 Blink                    Tloc           26%        N/A       7%          2
 Call Imp                 Summ           26%        N/A       7%          2
 Ensorcelled Hibernation  Hex/Ice        26%        N/A       7%          2
 Passwall                 Erth           13%        N/A       14%         3
 Swiftness                Air            13%        N/A       14%         3


Dungeon Overview and Level Annotations

Branches:
Dungeon (7/15)
 Temple: D:4-7

Altars:
Fedhas
Okawaru
Ru
The Shining One

Annotations:
D:3 Grinder, Natasha


Innate Abilities, Weirdness & Mutations

You have very sharp teeth.
Your uncanny sense of smell can sniff out nearby items.
Your experience applies equally to all skills.


Message History

You are more poisoned.
The kobold throws a stone.
The stone hits you but does no damage.
You feel very sick.
The kobold throws a poisoned dart.
The poisoned dart hits you!
You are more poisoned.
You feel very sick.
You feel very sick.
The kobold throws a stone.
The stone barely misses you.
You feel very sick.
You feel sick.
The kobold brigand throws a curare-tipped dart.
The curare-tipped dart hits you.
You are more poisoned.
You have difficulty breathing.
You feel as though you will be slow longer.
You feel better.
The kobold brigand throws a curare-tipped dart.
The curare-tipped dart hits you.
You are poisoned.
You have difficulty breathing.
You feel as though you will be slow longer.
Aiming: Polymorph
Press: ? - help, Shift-Dir - straight line, f - kobold brigand
Aim: a kobold brigand, wielding a +0 short sword and quivering curare-tipped darts (will become a troll, a scorpion, or a centaur, chance to affect: 58%)
The kobold brigand resists with significant effort.
You feel very sick.
You feel very sick.
The kobold brigand throws a curare-tipped dart.
The curare-tipped dart hits you.
You are more poisoned.
You have difficulty breathing.
* * * LOW HITPOINT WARNING * * *
You feel as though you will be slow longer.
* * * LOW HITPOINT WARNING * * *
You feel extremely sick.
The kobold brigand throws a curare-tipped dart.
The curare-tipped dart hits you.
You are more poisoned.
You have difficulty breathing.
You die...

#.####### #.......#
#.#####.# #.# #.# #.#
#.# #.# #.#
#.#####.################
#>..........KKKK........
#######@########........
#.# #........ ###.#
#..K..... #...#
#K..K.... #...#
#..K..... #...#
......... #...#
.......### #...#
........ #...#
#......#..


You could see a kobold brigand and 2 kobolds.

Vanquished Creatures
  Eustachio (D:6)
  A water moccasin (D:6)
  A black bear (D:6)
  A phantom (D:5)
  4 bullfrogs
  A scorpion (D:6)
  5 wights (D:6)
  2 killer bees
  A crimson imp (D:3)
  A hound (D:6)
  2 iguanas
  Natasha (twice) (D:3)
  An orc wizard (D:6)
  3 adders
  A white imp (D:6)
  2 ufetubi (D:6)
  3 ribbon worms (D:2)
  3 orcs (D:6)
  6 endoplasms
  2 giant cockroaches
  9 goblins
  5 hobgoblins
  11 jackals
  3 quokkas
  4 ball pythons
  4 bats (D:1)
  2 goblin skeletons (D:3)
  3 goblin zombies (D:3)
  4 hobgoblin zombies (D:3)
  2 kobolds
  2 kobold zombies (D:3)
  An orc zombie (D:3)
  6 rats
99 creatures vanquished.

Notes
Turn   | Place    | Note
-------+----------+-------------------------------------------
     0 | D:1      | ces the Gnoll Wanderer began the quest for the Orb.
     0 | D:1      | ces set off with the following items: a +2 hand axe, 8
                  | boomerangs, a +0 dagger, a potion of attraction, a +0
                  | leather armour; and the following spell memorised: Sting;
                  | and the following spells available to memorise: Mephitic
                  | Cloud.
     0 | D:1      | Reached XP level 1. HP: 17/17 MP: 4/4
   169 | D:1      | Reached XP level 2. HP: 23/23 MP: 5/5
   323 | D:1      | Reached XP level 3. HP: 28/28 MP: 7/7
   719 | D:2      | Reached skill level 1 in Invocations
   848 | D:2      | Reached skill level 1 in Short Blades
   848 | D:2      | Reached skill level 1 in Long Blades
   848 | D:2      | Reached skill level 1 in Maces & Flails
   848 | D:2      | Reached skill level 1 in Polearms
   848 | D:2      | Reached skill level 1 in Staves
   848 | D:2      | Reached skill level 1 in Ranged Weapons
   848 | D:2      | Reached skill level 1 in Dodging
   848 | D:2      | Reached skill level 1 in Stealth
   848 | D:2      | Reached skill level 1 in Shields
   848 | D:2      | Reached skill level 1 in Unarmed Combat
   848 | D:2      | Reached skill level 1 in Evocations
  1266 | D:2      | Reached skill level 1 in Shapeshifting
  1266 | D:2      | Reached XP level 4. HP: 34/34 MP: 8/8
  1354 | D:2      | Found a faded altar of an unknown god.
  1533 | D:2      | Reached skill level 1 in Conjurations
  1533 | D:2      | Reached skill level 1 in Hexes
  1533 | D:2      | Reached skill level 1 in Summonings
  1533 | D:2      | Reached skill level 1 in Necromancy
  1533 | D:2      | Reached skill level 1 in Translocations
  1533 | D:2      | Reached skill level 1 in Fire Magic
  1533 | D:2      | Reached skill level 1 in Ice Magic
  1533 | D:2      | Reached skill level 1 in Air Magic
  1533 | D:2      | Reached skill level 1 in Earth Magic
  1809 | D:3      | Found a glowing golden altar of the Shining One.
  1874 | D:3      | Reached XP level 5. HP: 40/40 MP: 9/9
  1931 | D:3      | Noticed Natasha
  1943 | D:3      | Killed Natasha
  1972 | D:3      | Noticed Natasha
  1979 | D:3      | Killed Natasha
  2053 | D:3      | Noticed Natasha
  2055 | D:3      | Noticed Grinder
  2287 | D:3      | You fall into a shaft and drop 2 floors!
  2287 | D:5      | Entered Level 5 of the Dungeon
  2310 | D:5      | Noticed a phantom
  2339 | D:5      | Killed a phantom
  2340 | D:5      | Reached skill level 5 in Axes
  2340 | D:5      | Reached XP level 6. HP: 47/47 MP: 9/11
  2655 | D:6      | Learned a level 3 spell: Mephitic Cloud
  2664 | D:6      | Found a blossoming altar of Fedhas.
  2674 | D:6      | Found an iron altar of Okawaru.
  2692 | D:6      | Noticed Eustachio
  2774 | D:6      | Noticed a black bear
  2818 | D:6      | Reached skill level 7 in Armour
  2818 | D:6      | Reached XP level 7. HP: 47/48 MP: 12/12
  2871 | D:6      | Killed Eustachio
  3033 | D:6      | Found a sacrificial altar of Ru.
  3097 | D:6      | Reached XP level 8. HP: 54/54 MP: 14/14
  3870 | D:7      | Found the +4 robe of Augmentation {Str+4 Int+4 Dex+4}
  4603 | D:7      | Asphyxiated

Illustrated notes

Levels and vault maps discovered:
D:1:      eino_arrival_water_star, layout_basic, minmay_misc_feat_x
D:2:      layout_loops_ring, shapermc_ecumenical_altar_mp_ritualfount
D:3:      layout_loops_corners, nicolae_tso_besieged_by_evil, uniq_grinder,
          uniq_natasha
D:5:      layout_basic, nicolae_overflow_crystal_walls, uniq_sigmund
D:6:      layout_basic, kennysheep_mini,
          chequers_temple_overflow_statue_of_worship, minivault_11,
          serial_library_hellmonk_small_corner, uniq_eustachio
D:7:      layout_basic

Skill      XL: |  1  2  3  4  5  6  7  8 |
---------------+-------------------------+-----
Invocations    | 1 2 3 4 |  4.0
Short Blades   | 1 2 3 |  3.6
Long Blades    | 1 2 3 |  3.6
Maces & Flails | 1 2 3 |  3.6
Polearms       | 1 2 3 |  3.6
Staves         | 1 2 3 |  3.6
Ranged Weapons | 1 2 3 |  3.6
Dodging        | 1 2 3 |  3.6
Stealth        | 1 2 3 |  3.6
Shields        | 1 2 3 |  3.6
Unarmed Combat | 1 2 3 |  3.6
Evocations     | 1 2 3 |  3.6
Shapeshifting  | 1 2 3 |  3.2
Spellcasting   | 3 4 |  4.6
Conjurations   | 1 2 3 |  3.0
Hexes          | 1 2 3 |  3.0
Summonings     | 1 2 3 |  3.0
Necromancy     | 1 2 3 |  3.0
Translocations | 1 2 3 |  3.0
Fire Magic     | 1 2 3 |  3.0
Ice Magic      | 1 2 3 |  3.0
Air Magic      | 1 2 3 |  3.0
Earth Magic    | 1 2 3 |  3.0
Fighting       | 3 4 |  4.5
Throwing       | 3 4 |  4.5
Alchemy        | 4 |  4.9
Axes           | 5 |  5.9
Armour         | 7 |  7.5

Action                     |  1- 3 |  4- 6 |  7- 9 || total
---------------------------+-------+-------+-------++-------
  Melee: Hand axe          |   101 |   215 |   188 ||   504
         Bite              |     9 |    22 |    14 ||    45
         Punch             |       |     1 |     6 ||     7
   Cast: Sting             |     2 |       |     2 ||     4
  Evoke: Wand              |       |       |     1 ||     1
    Use: Potion            |       |     3 |     8 ||    11
   Stab: Sleeping          |       |       |     1 ||     1
 Armour: Leather armour    |    63 |       |       ||    63
         Ice dragon scales |       |   238 |    92 ||   330
         Skin              |       |       |    46 ||    46
         Robe              |       |       |    47 ||    47
  Dodge: Dodged            |    63 |   141 |   101 ||   305
